cohdb
Replays
Latest Replays
All Replays
Popular Replays
Top Player Replays
Match Explorer
How It Works
Community
CoH3 Stats
Reddit
Sign in to upload your games and track your stats! →
Sign in with Steam
Match 36614800
Unlisted
Match 36614800
Overview
Messages
Build Orders
End
Construct Infanterie Kompanie
Grenadier Squad
Grenadier Squad
Selects Breakthrough Battlegroup
Selects Assault Grenadiers
Construct Panzergrenadier Kompanie
Panzergrenadier Squad
Selects Breakthrough
251 Medium Carrier
Forward Retreat Point
Selects Rapid Production
Pak 40 Anti-tank Gun Team
Construct Panzer Kompanie
Selects Incendiary Bombing Run
Pak 40 Anti-tank Gun Team
八坂真崎
v4mp - HTB -
Spectre
Bruistablet
0
0
Comments
sign in to comment!
No comments posted yet!